 Dungeon Crawl Stone Soup version 0.24.0-13-gcf9b3192b9 (webtiles) character file.

Game seed: 1511178404823319770, levelgen mode: deterministic

11 Gumption the Grave Robber (level 2, -1/19 HPs)
             Began as a Vampire Necromancer on Nov 9, 2019.
             Slain by an adder (3 damage)
             ... on level 2 of the Dungeon.
             The game lasted 00:08:12 (1117 turns).

Gumption the Grave Robber (Vampire Necromancer)     Turns: 1117, Time: 00:08:13

Health: -1/19      AC:  2    Str:  7    XL:     2   Next: 17%
Magic:  0/5        EV: 13    Int: 17    God:
Gold:   7          SH:  0    Dex: 14    Spells: 3/5 levels left

rFire    . . .     SeeInvis +   a - +0 dagger
rCold    . . .     Gourm    .   (no shield)
rNeg     . . .     Faith    .   d - +0 robe
rPois    .         Spirit   .   (no helmet)
rElec    .         Reflect  .   (no cloak)
rCorr    .         Harm     .   (no gloves)
MR       .....                  (no boots)
Stlth    ++........             (no amulet)
HPRegen  0.26/turn              (no ring)
MPRegen  0.09/turn              (no ring)

@: lethally poisoned (-1 -> -2), very slightly contaminated, regenerating
quickly
A: no food, fangs 3, see invisible, unbreathing
a: Exsanguinate


You were on level 2 of the Dungeon.
You were alive.

You visited 1 branch of the dungeon, and saw 2 of its levels.

You collected 7 gold pieces.

Inventory:

Hand Weapons
 a - a +0 dagger (weapon)
Missiles
 i - 42 stones (quivered)
 j - 21 sling bullets
Armour
 d - a +0 robe (worn)
Jewellery
 b - a +2 ring of dexterity {unknown}
 c - an uncursed ring of resist corrosion {unknown}
Scrolls
 f - a scroll of remove curse {unknown}
 g - 2 scrolls of identify {unknown}
Potions
 e - a potion of resistance {unknown}
 h - a potion of cancellation {unknown}
 k - a potion of lignification {unknown}


   Skills:
 + Level 2.4 Dodging
 + Level 3.3 Stealth
 + Level 2.1 Spellcasting
 * Level 4.6 Necromancy


You had 3 spell levels left.
You knew the following spells:

 Your Spells              Type           Power        Failure   Level  Hunger
a - Pain                  Necr           ###.         2%          1    N/A
b - Animate Skeleton      Necr           N/A          2%          1    N/A

Your spell library contained the following spells:

 Spells                   Type           Power        Failure   Level  Hunger
 Vampiric Draining        Necr           ###.......   9%          3    N/A
 Regeneration             Chrm/Necr      #.........   22%         3    N/A
 Animate Dead             Necr           N/A          28%         4    N/A

Dungeon Overview and Level Annotations

Branches:
Dungeon (2/15)

Altars:


Innate Abilities, Weirdness & Mutations

You do not eat.
Your natural rate of healing is unusually fast.
You have razor-sharp teeth.
You have supernaturally acute eyesight. (SInv)
You can survive without breathing.


Message History

You don't have enough magic to cast that spell.
You hit the adder but do no damage.
The adder is almost dead.
You feel sick. The ooze hits you.
* * * LOW HITPOINT WARNING * * *
The adder bites you but does no damage.
You closely miss the adder.
The adder is almost dead.
The adder closely misses you. The ooze closely misses you.
You barely miss the adder.
The adder is almost dead.
The adder barely misses you. The ooze barely misses you. The adder bites you.
* * * LOW HITPOINT WARNING * * *
You are more poisoned.
The adder poisons you!
You hit the adder.
The adder is almost dead.
* * * LOW HITPOINT WARNING * * *
You feel sick. The ooze barely misses you. The adder bites you.
You die...

.. ... #.########$.##..
.... .............#..
... ................
... ................ ..
...............##.#####
..g?...........#......#
.......<.........J....#
................@S....#
.......[.......#......#
..#..........#.#......#
# #...##.##### #......#
##..)..#### .......#
##.......# .......#
.##.......###.........
...............#.###...
....#.......###..


You could see an ooze and an adder.

Vanquished Creatures
  A dart slug (D:1)
  2 hobgoblins (D:1)
  A kobold (D:1)
  3 bats (D:1)
  A frilled lizard (D:1)
  3 rats (D:1)
11 creatures vanquished.

Notes
Turn   | Place    | Note
-------+----------+-------------------------------------------
     0 | D:1      | Gumption the Vampire Necromancer began the quest for the
                  | Orb.
     0 | D:1      | Reached XP level 1. HP: 13/13 MP: 3/3
     2 | D:1      | Learned a level 1 spell: Animate Skeleton
   656 | D:1      | Reached XP level 2. HP: 19/19 MP: 5/5
   990 | D:1      | You fall into a shaft and drop 1 floor!
  1117 | D:2      | Slain by an adder

Levels and vault maps discovered:
D:1:      dpeg_arrival_stonehenge_8_columns, layout_basic
D:2:      layout_rooms

Action                   || total
-------------------------++-------
Melee: Dagger            ||    13
       Bite              ||     1
 Cast: Pain              ||    15
 Stab: Sleeping          ||     3
Armor: Robe              ||     5
Dodge: Dodged            ||    15
